 Dungeon Crawl Stone Soup version 0.32-a0-940-g8c197d95f1 (webtiles) character file.

Game seed: 10038578097039184039

28 Revguard the Trooper (level 3, 0/29 HPs)
             Began as a Demonspawn Fighter on Apr 16, 2024.
             Killed from afar by Sigmund (8 damage)
             ... with a puff of flame
             ... on level 2 of the Dungeon.
             The game lasted 00:01:36 (1239 turns).

Revguard the Trooper (Demonspawn Fighter)           Turns: 1239, Time: 00:01:37

Health: 0/29       AC:  7    Str: 18    XL:     3   Next: 0%
Magic:  3/3        EV:  8    Int:  8    God:
Gold:   56         SH:  4    Dex: 12    Spells: 2/2 levels left

rFire   . . .        a - +0 war axe
rCold   . . .        c - +0 buckler
rNeg    . . .        b - +0 scale mail
rPois   .            (no helmet)
rElec   .            (no cloak)
rCorr   .            (no gloves)
SInv    .            m - +0 pair of boots
Will    .....        (no amulet) Stlth
                     (no ring)
HPRegen 0.24/turn    (no ring)
MPRegen 0.08/turn

%: no passive effects
@: no status effects
A: hooves 1
a: no special abilities


You were on level 2 of the Dungeon.
You visited 1 branch of the dungeon, and saw 2 of its levels.

You collected 56 gold pieces.

Inventory:

Hand Weapons
 a - a +0 war axe (weapon)
Armour
 b - a +0 scale mail (worn)
 c - a +0 buckler (worn)
 m - a +0 pair of boots (worn)
Scrolls
 e - a scroll of immolation {unknown}
 h - a scroll of poison {unknown}
 i - a scroll of noise {unknown}
 k - a scroll of butterflies {unknown}
 l - a scroll of amnesia {unknown}
Potions
 d - a potion of might
 f - a potion of attraction {unknown}
 g - a potion of enlightenment {unknown}
 j - a potion of heal wounds {unknown}


   Skills:
 + Level 3.1 Fighting
 * Level 2.2 Axes
 + Level 2.8 Armour
 + Level 0.6 Dodging
 * Level 3.0 Shields
 + Level 0.6 Evocations


You had 2 spell levels left.
You didn't know any spells.
Your spell library was empty.

Dungeon Overview and Level Annotations

Branches:
Dungeon (2/15)

Altars:

Annotations:
D:2 Sigmund


Innate Abilities, Weirdness & Mutations

You have large cloven feet.


Message History

You closely miss Sigmund.
Sigmund is moderately wounded.
Sigmund hits you with a +0 scythe.
You barely miss Sigmund.
Sigmund is moderately wounded.
Sigmund barely misses you.
You hit Sigmund.
Sigmund is heavily wounded.
Sigmund closely misses you.
You barely miss Sigmund.
Sigmund is heavily wounded.
Sigmund hits you with a +0 scythe!
You barely miss Sigmund.
Sigmund is heavily wounded.
Sigmund hits you but does no damage.
You closely miss Sigmund.
Sigmund is heavily wounded.
Sigmund screams, "Die, monster!"
Sigmund closely misses you.
You barely miss Sigmund.
Sigmund is heavily wounded.
Sigmund hits you with a +0 scythe.
* * * LOW HITPOINT WARNING * * *
You closely miss Sigmund.
Sigmund is heavily wounded.
Sigmund closely misses you.
You slash Sigmund!
Sigmund is severely wounded.
You closely miss Sigmund.
Sigmund is severely wounded.
You block Sigmund's attack.
You hit Sigmund but do no damage.
Sigmund is severely wounded.
Sigmund hits you but does no damage.
You hit Sigmund.
Sigmund is almost dead.
Sigmund points at you and mumbles some strange words.
The puff of flame hits you!
You die...
Sigmund begins carving another notch in his scythe.

## ##..
..<######
#....$.#
#.!....# #
#......#.#
+........#
#>...@@#
#..)<..#
#......#
#......#
#......#
####+###


You could see Sigmund.

Vanquished Creatures
  2 giant cockroaches (D:1)
  2 goblins
  A hobgoblin (D:1)
  4 jackals (D:1)
  A kobold (D:1)
  5 quokkas (D:1)
  2 ball pythons (D:1)
  4 bats (D:1)
  2 frilled lizards (D:1)
  2 rats
25 creatures vanquished.

Notes
Turn   | Place    | Note
-------+----------+-------------------------------------------
     0 | D:1      | Revguard the Demonspawn Fighter began the quest for the
                  | Orb.
     0 | D:1      | Reached XP level 1. HP: 18/18 MP: 1/1
   270 | D:1      | Gained mutation: You have large cloven feet. [demonic
                  | ancestry]
   270 | D:1      | Reached XP level 2. HP: 19/24 MP: 2/2
  1222 | D:2      | Noticed Sigmund
  1227 | D:2      | Reached XP level 3. HP: 19/29 MP: 3/3
  1239 | D:2      | Killed from afar by Sigmund

Illustrated notes

Levels and vault maps discovered:
D:1:      psy_arrival_radial01, layout_basic, chequers_serial_rivers_micro_b,
          grunt_decor_mini_mirrors
D:2:      layout_basic, minmay_puff, uniq_sigmund

Skill      XL: |  1  2 |
---------------+-------+-----
Axes           | 2 |  2.2
Shields        | 3 |  3.0
Fighting       | |  3.1
Armour         | |  2.8
Dodging        | |  0.6
Evocations     | |  0.6

Action                     || total
---------------------------++-------
  Melee: War axe           ||    77
         Kick              ||     4
 Armour: Scale mail        ||    85
  Dodge: Dodged            ||    42
  Block: Buckler           ||    32

Table legend: (Time is in decaauts)
 A = Elapsed time spent in this place.
 B = Non-inter-level travel time spent in this place.
 C = Inter-level travel time spent in this place.
 D = Time resting spent in this place.
 E = Time spent auto-exploring this place.
 F = Levels seen in this place.
 G = Mean time per level.
                   A        B        C        D        E       F      G
               +--------+--------+--------+--------+--------+-----+--------+
         Total |   1272 |   1238 |     34 |      0 |   1006 |   2 |  636.0 |
       Dungeon |   1272 |   1238 |     34 |      0 |   1006 |   2 |  636.0 |
               +--------+--------+--------+--------+--------+-----+--------+

Top non-repeatable levels by time:
     D:1: 1249 daAuts
     D:2: 23 daAuts
